 Dungeon Crawl Stone Soup version 0.19-a0-1888-g6ba2374 (webtiles) character file.

326 Banto the Slasher (level 6, -3/39 HPs)
             Began as a High Elf Skald on Oct 17, 2016.
             Slain by a howler monkey (5 damage)
             ... on level 4 of the Dungeon.
             The game lasted 00:04:18 (3489 turns).

Banto the Slasher (High Elf Skald)                  Turns: 3489, Time: 00:04:18

Health: -3/39      AC:  3    Str: 11    XL:     6   Next: 24%
Magic:  0/10       EV: 14    Int: 16    God:
Gold:   225        SH:  0    Dex: 17    Spells: 1 memorised, 8 levels left

rFire  . . .     SeeInvis .     a - +0 falchion
rCold  . . .     Gourm    .     b - +0 leather armour
rNeg   . . .     Faith    .     (no shield)
rPois  .         Spirit   +     (no helmet)
rElec  .         Dismiss  .     (no cloak)
rCorr  .         Reflect  .     (no gloves)
MR     .....     Harm     .     (no boots)
Stlth  +.........               g - amulet of guardian spirit
                                (no ring)
                                (no ring)

@: no status effects
A: no striking features
a: no special abilities


You were on level 4 of the Dungeon.
You were not hungry.

You visited 1 branch of the dungeon, and saw 4 of its levels.

You collected 225 gold pieces.

Inventory:

Hand Weapons
 a - a +0 falchion (weapon)
Missiles
 m - 6 javelins (quivered)
Armour
 b - a +0 leather armour (worn)
Jewellery
 g - an amulet of guardian spirit (around neck)
Wands
 l - a wand of iceblast (14/15)
Scrolls
 o - 4 scrolls of identify
 p - a scroll of fog
 s - a scroll of fear {unknown}
Potions
 e - 3 potions of flight
 f - a potion of brilliance
 h - 2 potions of lignification
 i - a potion of resistance
 k - 2 potions of might
 n - a potion of curing
Books
 c - a book of Battle

   Spells                             Type                      Level
   a - Infusion                       Charms                       1
   b - Shroud of Golubria             Charms/Translocation         2
   c - Song of Slaying                Charms                       2
   d - Spectral Weapon                Hexes/Charms                 3
   e - Regeneration                   Charms/Necromancy            3
Comestibles
 d - a bread ration
 j - 4 chunks of flesh
 q - a slice of pizza
 r - a beef jerky


   Skills:
 - Level 2.0 Fighting
 + Level 6.0 Long Blades
 - Level 0.8 Armour
 + Level 4.8 Dodging
 - Level 2.4 Spellcasting
 - Level 3.6 Charms


You had 8 spell levels left.
You knew the following spells:

 Your Spells              Type           Power        Failure   Level  Hunger
a - Infusion              Chrm           ##..         8%          1    #......


Dungeon Overview and Level Annotations

Branches:
Dungeon (4/15)
 Temple: D:4-7

Altars:
Ashenzari
Ru


Message History

You hit the howler monkey but do no damage.
The howler monkey is almost dead.
You are no longer magically infusing your attacks.
The howler monkey hits you.
* * * LOW HITPOINT WARNING * * *
You take 6 damage, and have 9/39 hp.
You completely miss the howler monkey.
The howler monkey is almost dead.
The howler monkey barely misses you. The howler monkey hits you.
* * * LOW HITPOINT WARNING * * *
You take 4 damage, and have 5/39 hp.
You closely miss the howler monkey.
The howler monkey is almost dead.
The howler monkey hits you.
* * * LOW HITPOINT WARNING * * *
You take 4 damage, and have 1/39 hp.
You barely miss the howler monkey.
The howler monkey is almost dead.
The howler monkey hits you.
You die...

#...# .8.#######
⌠........# .8.......#
........# #.......#
#.......# #####
#.......# ....#
#@......# ....#####
#h......#
....#...########.......#
....+...#.........######
....#...#.........#
....#...#.........#
....#...#.........#
....##'##.........#
...........####'###


You could see a howler monkey.

Vanquished Creatures
  A bullfrog (D:4)
  A howler monkey (D:4)
  An orc priest (D:3)
  An iguana (D:4)
  2 gnolls (D:1)
  8 adders
  2 oozes
  2 worms (D:2)
  2 dart slugs
  4 leopard geckos
  2 orcs
  A giant cockroach (D:3)
  11 goblins
  4 hobgoblins
  5 kobolds
  A quokka (D:2)
  6 bats
  4 frilled lizards
  8 rats
66 creatures vanquished.

Notes
Turn   | Place    | Note
-------+----------+-------------------------------------------
     0 | D:1      | Banto the High Elf Skald began the quest for the Orb.
     0 | D:1      | Reached XP level 1. HP: 14/14 MP: 4/4
    54 | D:1      | Found a shattered altar of Ashenzari.
   233 | D:1      | Reached skill level 3 in Long Blades
   233 | D:1      | Reached XP level 2. HP: 15/19 MP: 1/6
   545 | D:1      | Reached XP level 3. HP: 5/24 MP: 1/7
  1663 | D:2      | Reached XP level 4. HP: 24/29 MP: 0/8
  1728 | D:2      | Reached skill level 4 in Long Blades
  2381 | D:3      | Found a sacrificial altar of Ru.
  2742 | D:3      | Reached XP level 5. HP: 34/34 MP: 7/9
  2867 | D:3      | Reached skill level 5 in Long Blades
  3438 | D:4      | Reached XP level 6. HP: 39/39 MP: 7/10
  3477 | D:4      | Reached skill level 6 in Long Blades
  3488 | D:4      | HP: 1/39 [howler monkey (4)]
  3489 | D:4      | Slain by a howler monkey

Vault maps used:
D:1:      sevenhm_arrival_forest_fort_large_2, nicolae_ashenzari_panopticon
D:2:      serial_co_window_serial, co_window_paths_a, co_window_paths_a,
          co_window_of_opportunity_a, co_window_corner_a, co_window_corner_a,
          co_window_unsneaky_path_e, co_window_paths_c, co_window_cross_2,
          co_window_corner_b, co_window_corner_b, co_window_4corner_a,
          co_window_4corner_b, grunt_ministairs_14
D:3:      nicolae_ru_awakened_eye
D:4:      grunt_ministairs_2, hangedman_feature_mirror,
          nemelex_spade_bored_becter

Skill      XL: |  1  2  3  4  5  6 |
---------------+-------------------+-----
Long Blades    | 3 4 5 6 |  6.0
Dodging        | 2 3 4 |  4.8
Fighting       | |  2.0
Armour         | |  0.8
Spellcasting   | |  2.4
Charms         | |  3.6

Action                   |  1- 3 |  4- 6 || total
-------------------------+-------+-------++-------
Melee: Falchion          |    96 |   104 ||   200
Throw: Javelin           |       |     3 ||     3
 Cast: Infusion          |     9 |    13 ||    22
Evoke: Wand              |       |     1 ||     1
  Use: Scroll            |     5 |     6 ||    11
       Potion            |     1 |       ||     1
  Eat: Chunk             |     3 |     6 ||     9
Armor: Leather armour    |    26 |    11 ||    37
Dodge: Dodged            |    73 |    72 ||   145
       Rpst.: Falchion   |    26 |    23 ||    49

Table legend:
 A = Turns spent in this place as a percentage of turns spent in the entire game.
 B = Non-inter-level travel turns spent in this place as a percentage of non-inter-level travel turns spent in the entire game.
 C = Inter-level travel turns spent in this place as a percentage of turns spent in this place.
 D = Turns resting spent in this place as a percentage of non-inter-level travel turns spent in this place.
 E = Turns spent auto-exploring this place as a percentage of non-inter-level travel turns spent in this place.
 F = Non-inter-level travel turns spent in this place divided by the number of levels of this place that you've seen.
                   A       B       C       D       E      F
               +-------+-------+-------+-------+-------+----------------------
         Total | 100.0 | 100.0 |   0.5 |   5.1 |  13.6 | 205.2
       Dungeon | 100.0 | 100.0 |   0.5 |   5.1 |  13.6 | 205.2
               +-------+-------+-------+-------+-------+----------------------

Table legend:
 A = Kills in this place as a percentage of kills in entire the game.
 B = Kills by you in this place as a percentage of kills by you in the entire game.
 C = Kills by friends in this place as a percentage of kills by friends in the entire game.
 D = Other kills in this place as a percentage of other kills in the entire game.
 E = Experience gained in this place as a percentage of experience gained in the entire game.
 F = Experience gained in this place divided by the number of levels of this place that you have seen.
                   A       B       C       D       E      F
               +-------+-------+-------+-------+-------+----------------------
         Total | 100.0 | 100.0 |  -nan |  -nan | 100.0 | 116.5
       Dungeon | 100.0 | 100.0 |  -nan |  -nan | 100.0 | 116.5
               +-------+-------+-------+-------+-------+----------------------
